 Dungeon Crawl Stone Soup version 0.22.0-38-g04b72b8 (webtiles) character file.

1753 poirepourri the Cleaver (level 8, 0/69 HPs)
             Began as a Deep Dwarf Fighter on Aug 30, 2018.
             Slain by a hell rat (5 damage)
             ... on level 7 of the Dungeon.
             The game lasted 00:03:42 (3286 turns).

poirepourri the Cleaver (Deep Dwarf Fighter)        Turns: 3286, Time: 00:03:43

Health: 0/69       AC:  7    Str: 20    XL:     8   Next: 78%
Magic:  4/4        EV:  7    Int:  9    God:
Gold:   138        SH: 10    Dex: 14    Spells: 7/7 levels left

rFire    . . .     SeeInvis .   a - +0 war axe
rCold    . . .     Gourm    .   c - +1 shield
rNeg     . . .     Faith    .   b - +0 scale mail
rPois    .         Spirit   .   (no helmet)
rElec    .         Reflect  .   i - +0 cloak
rCorr    +         Harm     .   (no gloves)
MR       +....                  (no boots)
Stlth    ..........             (no amulet)
HPRegen  0.00/turn              e - ring of resist corrosion
MPRegen  0.09/turn              (no ring)

@: non-regenerating, drained
A: damage resistance, heal wounds, sense surroundings 1, no regeneration
a: Heal Wounds


You were on level 7 of the Dungeon.
You were not hungry.

You visited 1 branch of the dungeon, and saw 7 of its levels.

You collected 263 gold pieces.
You spent 125 gold pieces at shops.

Inventory:

Hand Weapons
 a - a +0 war axe (weapon)
 p - a +3 flail
 t - a +2 flail of protection
Missiles
 d - 54 bolts
Armour
 b - a +0 scale mail (worn)
 c - a +1 shield (worn)
 i - a +0 cloak (worn)
Jewellery
 e - a ring of resist corrosion (left hand)
 s - an uncursed amulet of the acrobat {unknown}
 y - a cursed amulet of inaccuracy {unknown}
Wands
 u - a wand of digging (21)
Scrolls
 f - 3 scrolls of teleportation
 h - a scroll of identify
 n - 2 scrolls of amnesia
 w - a scroll of immolation {unknown}
 x - a scroll of magic mapping {unknown}
Potions
 g - a potion of lignification {unknown}
 k - 3 potions of brilliance
 l - 2 potions of flight
 m - a potion of haste {unknown}
 o - a potion of degeneration {unknown}
 q - a potion of curing {unknown}
 r - 2 potions of berserk rage {unknown}
 v - a potion of mutation {unknown}
Comestibles
 j - 6 rations


   Skills:
 + Level 3.5(2.8) Fighting
 - Level 12.0(11.1) Axes
 - Level 3.2(2.6) Armour
 - Level 3.2(2.6) Shields


You had 7 spell levels left.
You didn't know any spells.
Your spell library contained the following spells:

 Spells                   Type           Power        Failure   Level  Hunger
 Confusing Touch          Hex            #.....       99%         1    ##.....
 Freeze                   Ice            #...         99%         1    ##.....
 Throw Frost              Conj/Ice       #.....       100%        2    ###....
 Confuse                  Hex            #.......     100%        3    ####...
 Gell's Gravitas          Tloc           #.........   100%        3    ####...
 Ozocubu's Armour         Chrm/Ice       #.......     100%        3    ####...
 Petrify                  Tmut/Erth      #.......     100%        4    #####..
 Summon Ice Beast         Ice/Summ       #.......     100%        4    #####..
 Throw Icicle             Conj/Ice       #.......     100%        4    #####..
 Metabolic Englaciation   Hex/Ice        #.........   100%        5    ######.
 Yara's Violent Unravell  Hex/Tmut       #.........   100%        5    ######.


Dungeon Overview and Level Annotations

Branches:
Dungeon (7/15)             Temple (0/1) D:6

Altars:
Kikubaaqudgha
Nemelex Xobeh
Ru
Sif Muna

Shops:
D:4 %   D:5 *   D:6 !


Innate Abilities, Weirdness & Mutations

You are resistant to damage.
You can heal yourself by infusing magical energy.
You passively map a small area around you.
You do not regenerate.


Message History

You are too injured to fight recklessly!
You are too injured to fight recklessly!
A hell rat is nearby!
A hell rat is nearby!
You are too injured to fight recklessly!
You are too injured to fight recklessly!
You hit the hell rat but do no damage.
The hell rat is severely wounded.
The hell rat bites you!
* * * LOW HITPOINT WARNING * * *
You feel drained.
* * * LOW HITPOINT WARNING * * *
Your shield and scale mail prevent you from hitting the hell rat.
The hell rat is severely wounded.
The hell rat bites you!
* * * LOW HITPOINT WARNING * * *
You hit the hell rat.
The hell rat is severely wounded.
You block the hell rat's attack. The hell rat bites you.
You die...

* #### * ######
##... ** ##.....
##.... #......
....., * #...... *
....,,*##* ##..††.
#.. ,#.######.##†..
,
#†###.#..#.##.#†##.
,
#r@.#.###.#..##.###
, , ###.#.#
##...#†###. ,
##.### #....## #.
##..###.#.#.###.
##..#.##†#.##.# ,
###..##..#.#.# ,
####.####.## , #.##
### , ##.##


You could see a hell rat.

Vanquished Creatures
  Eustachio (D:6)
  Duvessa (D:6)
  Edmund (D:6)
  2 orc warriors (D:6)
  3 ogres
  A centaur (D:5)
  Blork the orc (D:4)
  Dowan (D:6)
  A scorpion (D:5)
  A crimson imp (D:5)
  A hound (D:4)
  A bullfrog skeleton (D:5)
  3 orc priests
  A jelly (D:5)
  4 orc wizards
  Jessica (D:6)
  4 worker ants
  4 gnolls (D:4)
  6 adders
  9 river rats
  An ooze (D:2)
  3 adder skeletons
  2 worms (D:2)
  2 dart slugs
  5 leopard geckos
  18 orcs
  3 giant cockroaches
  A goblin (D:1)
  3 kobolds
  9 quokkas
  2 ball pythons (D:4)
  3 bats
  2 frilled lizards
  A jackal skeleton (D:4)
  A leopard gecko skeleton (D:5)
  21 rats
124 creatures vanquished.

Notes
Turn   | Place    | Note
-------+----------+-------------------------------------------
     0 | D:1      | poirepourri the Deep Dwarf Fighter began the quest for the Orb.
     0 | D:1      | Reached XP level 1. HP: 20/20 MP: 1/1
   120 | D:2      | Reached skill level 3 in Axes
   120 | D:2      | Reached XP level 2. HP: 14/27 MP: 2/2
   201 | D:2      | Found a deep blue altar of Sif Muna.
   201 | D:2      | Found a sacrificial altar of Ru.
   343 | D:2      | Reached XP level 3. HP: 23/33 MP: 3/3
   353 | D:2      | Reached skill level 4 in Axes
   770 | D:4      | Noticed Blork the orc
   777 | D:4      | Reached XP level 4. HP: 38/40 MP: 3/3
   781 | D:4      | Killed Blork the orc
   781 | D:4      | Reached skill level 5 in Axes
   790 | D:4      | Reached XP level 5. HP: 30/46 MP: 4/4
   796 | D:4      | Reached skill level 6 in Axes
   888 | D:4      | Found a deep blue altar of Sif Muna.
   939 | D:4      | Found a glowing drain.
  1133 | D:4      | Reached skill level 7 in Axes
  1133 | D:4      | Reached XP level 6. HP: 41/55 MP: 4/4
  1248 | D:4      | Found Jikhoury's Food Boutique.
  1329 | D:4      | Bought a ration for 60 gold pieces
  1466 | D:4      | Reached skill level 8 in Axes
  1597 | D:5      | Entered Level 5 of the Dungeon
  1615 | D:5      | Found Ruchi's Elemental Accessories.
  1633 | D:5      | Reached XP level 7. HP: 50/61 MP: 4/4
  1656 | D:5      | Reached skill level 9 in Axes
  1936 | D:5      | Reached skill level 10 in Axes
  1992 | D:6      | Found Soublal's Distillery.
  2000 | D:6      | Bought a potion of heal wounds for 65 gold pieces
  2078 | D:6      | Noticed Edmund
  2104 | D:6      | Killed Edmund
  2104 | D:6      | Reached XP level 8. HP: 46/68 MP: 5/5
  2112 | D:6      | Noticed Eustachio
  2132 | D:6      | Killed Eustachio
  2155 | D:6      | Found an ancient bone altar of Kikubaaqudgha.
  2199 | D:6      | Noticed Duvessa
  2201 | D:6      | Noticed Dowan
  2212 | D:6      | Killed Duvessa
  2212 | D:6      | Reached skill level 11 in Axes
  2216 | D:6      | Killed Dowan
  2389 | D:6      | Found a staircase to the Ecumenical Temple.
  2456 | D:6      | Found a sparkling altar of Nemelex Xobeh.
  2545 | D:6      | Found a sparkling altar of Nemelex Xobeh.
  2545 | D:6      | Noticed Jessica
  2553 | D:6      | Killed Jessica
  2662 | D:6      | Reached skill level 12 in Axes
  3286 | D:7      | Slain by a hell rat

Skill      XL: |  1  2  3  4  5  6  7  8 |
---------------+-------------------------+-----
Axes           | 3 4 5 7 8 10 12 | 12.0
Fighting       | 3 |  3.5
Armour         | |  3.2
Shields        | |  3.2

Action                   |  1- 3 |  4- 6 |  7- 9 || total
-------------------------+-------+-------+-------++-------
Melee: War axe           |   112 |   151 |   224 ||   487
 Abil: Heal Wounds       |     2 |     4 |     3 ||     9
  Use: Scroll            |     2 |     2 |     3 ||     7
       Potion            |     2 |       |     4 ||     6
  Eat: Ration            |     1 |     1 |     1 ||     3
Armor: Scale mail        |    57 |    63 |    83 ||   203
Dodge: Dodged            |    38 |    54 |    47 ||   139
Block: Shield            |    85 |    66 |   121 ||   272
